 Dungeon Crawl Stone Soup version 0.26-a0-962-g9b92081034 (webtiles) character file.

Game seed: 16900232017059559001

106901 KristoblXynda the Fencer (level 15, -2/130 HPs)
             Began as a Purple Draconian Gladiator on Dec 2, 2020.
             Was a High Priest of Ashenzari.
             Slain by a soul eater (17 damage)
             ... on level 1 of the Depths.
             The game lasted 00:52:56 (36971 turns).

KristoblXynda the Fencer (DrGl)                    Turns: 36971, Time: 00:52:56

Health: -2/130     AC: 15    Str: 29    XL:     15   Next: 98%
Magic:  29/29      EV: 22    Int: 15    God:    Ashenzari [*****.]
Gold:   1702       SH: 14    Dex: 14    Spells: 21/34 levels left

rFire    + + .     SeeInvis +   C - +9 scimitar of Joh Luis {flame, rPois rF+ rC- Str+4} (curse)
rCold    . . .     Faith    .   B - +3 buckler {reflect} (curse)
rNeg     . . .     Spirit   .   (armour unavailable)
rPois    +         Reflect  +   s - -2 hat of Quiet Fog {rPois Str+2} (curse)
rElec    .         Harm     .   L - +2 cloak "Gemotzih" {Str+6} (curse)
rCorr    .         Rampage  .   u - +2 pair of gloves (curse)
MR       ++...     Clarity  +   a - +1 pair of boots {Stlth+} (curse)
Stlth    ++........             b - amulet of reflection (curse)
HPRegen  0.31/turn              m - ring of protection from cold
MPRegen  0.21/turn              q - ring of the Special Nights {rF+ Int+2 SInv} (curse)

@: drained
A: breathe power, unfitting armour, cold-blooded, AC +9
a: Breathe Dispelling Energy, Curse Item, Scrying, Transfer Knowledge, Renounce
Religion


You were on level 1 of the Depths.
You worshipped Ashenzari.
Ashenzari was extremely pleased with you.
You visited 5 branches of the dungeon, and saw 25 of its levels.
You also visited: Gauntlet.

You collected 2685 gold pieces.
You spent 983 gold pieces at shops.

Inventory:

Hand Weapons
 C - the cursed +9 scimitar of Joh Luis (weapon) {flame, rPois rF+ rC- Str+4}
   (You bought it in a shop on level 7 of the Dungeon)

   It has been specially enchanted to burn those struck by it, causing extra
   injury to most foes and up to half again as much damage against particularly
   susceptible opponents.
   Big, fiery blades are also staple armaments of hydra-hunters.
   It affects your strength (+4).
   It protects you from fire.
   It makes you vulnerable to cold.
   It protects you from poison.
   It has a curse placed upon it.
Missiles
 c - 8 throwing nets (quivered)
Armour
 a - a cursed +1 pair of boots of stealth (worn)
 n - a +0 cloak of poison resistance
 s - the cursed -2 hat of Quiet Fog (worn) {rPois Str+2}
   (You acquired it on level 1 of the Lair of Beasts)

   It affects your strength (+2).
   It protects you from poison.
   It has a curse placed upon it.
 u - a cursed +2 pair of gloves (worn)
 B - a cursed +3 buckler of reflection (worn)
 L - the cursed +2 cloak "Gemotzih" (worn) {Str+6}
   (You bought it in a shop on level 4 of the Dungeon)

   It affects your strength (+6).
   It has a curse placed upon it.
Jewellery
 b - a cursed amulet of reflection (around neck)
 m - a ring of protection from cold (left hand)
 q - the cursed ring of the Special Nights (right hand) {rF+ Int+2 SInv}
   (You acquired it on level 10 of the Dungeon)

   [ring of protection from fire]

   It affects your intelligence (+2).
   It protects you from fire.
   It lets you see invisible.
   It has a curse placed upon it.
Wands
 r - a wand of iceblast (29)
 x - a wand of paralysis (8)
 y - a wand of acid (2)
 G - a wand of digging (13)
Scrolls
 d - 16 scrolls of teleportation
 g - 9 scrolls of fog
 j - 6 scrolls of amnesia
 l - 11 scrolls of remove curse
 A - 7 scrolls of identify
 K - 5 scrolls of enchant armour
 M - 2 scrolls of fear
Potions
 e - 3 potions of cancellation
 f - 4 potions of haste
 h - 4 potions of flight
 i - 2 potions of ambrosia
 k - 4 potions of brilliance
 o - 8 potions of might
 p - 5 potions of curing
 v - 3 potions of lignification
 z - a potion of invisibility
 D - 4 potions of mutation
 E - a potion of resistance
 F - 4 potions of magic
 J - 3 potions of attraction
 N - a potion of berserk rage
Miscellaneous
 Q - a lightning rod (4/4)


   Skills:
 + Level 11.6(10.7) Fighting
 - Level 15.0(17.4) Long Blades
 - Level 2.2(1.5) Throwing
 + Level 11.7(14.4) Dodging
 - Level 5.0(6.8) Shields
 - Level 10.0(9.2) Spellcasting
 + Level 7.4(9.3) Conjurations
 - Level 10.1(11.7) Ice Magic
 + Level 4.4(6.2) Air Magic
 - Level 10.0(11.5) Evocations


You had 21 spell levels left.
You knew the following spells:

 Your Spells              Type           Power        Failure   Level
a - Ozocubu's Armour      Ice            #####...     1%          3
b - Freezing Cloud        Conj/Ice/Air   ####......   36%         6
c - Hailstorm             Conj/Ice       #####...     1%          4

Your spell library contained the following spells:

 Spells                   Type           Power        Failure   Level
 Freeze                   Ice            ####         1%          1
 Magic Dart               Conj           ####         1%          1
 Searing Ray              Conj           ####..       1%          2
 Frozen Ramparts          Ice            #####.       1%          3
 Dazzling Flash           Conj/Hex       ###...       4%          3
 Ice Form                 Ice/Tmut       ###.....     10%         4
 Summon Ice Beast         Ice/Summ       ###.....     10%         4
 Beastly Appendage        Tmut           #.....       11%         1
 Corona                   Hex            #......      11%         1
 Ozocubu's Refrigeration  Ice            #####.....   13%         6
 Blink                    Tloc           N/A          16%         2
 Slow                     Hex            #.......     16%         2
 Wereblood                Tmut           #.......     16%         2
 Fulminant Prism          Conj/Hex       ###.......   16%         4
 Iskenderun's Mystic Bla  Conj/Tloc      ###.....     16%         4
 Metabolic Englaciation   Hex/Ice        ###.......   26%         5
 Gell's Gravitas          Tloc           #.........   32%         3
 Inner Flame              Hex/Fire       #.......     32%         3
 Lesser Beckoning         Tloc           #.........   32%         3
 Portal Projectile        Hex/Tloc       #.....       32%         3
 Spider Form              Tmut/Pois      #.........   32%         3
 Teleport Other           Tloc           #.......     32%         3
 Cause Fear               Hex            #.........   71%         4
 Leda's Liquefaction      Hex/Erth       #.........   71%         4
 Passage of Golubria      Tloc           N/A          71%         4
 Simulacrum               Ice/Necr       ###.......   82%         6
 Blade Hands              Tmut           #.........   96%         5


Dungeon Overview and Level Annotations

Branches:
Dungeon (15/15)            Temple (0/1) D:4            Lair (6/6) D:10
 Shoals (0/4) Lair:4       Spider (1/4) Lair:3        Slime (0/5) Lair:5
    Orc (2/2) D:9             Elf (0/3) Orc:2        Vaults (0/5) D:13
 Depths (1/5) D:15        Gauntlet (visited)

Altars:
Ashenzari
Cheibriados
Dithmenos
Elyvilon
Fedhas
Gozag
Nemelex Xobeh
Okawaru
Qazlal
Ru
Sif Muna
Trog
Xom
Zin
The Shining One
Jiyva

Shops:
D:4 :([*?   D:7 (}   D:8 [   D:12 }   D:15 [   Orc:2 [(=*

Portals:
Pandemonium: Depths:1


Innate Abilities, Weirdness & Mutations

You can breathe bolts of dispelling energy.
Your rich purple scales are hard. (AC +9)
You cannot fit into any form of body armour.
You are cold-blooded and may be slowed by cold attacks.


Message History

You block the soul eater's attack.
You completely miss the soul eater.
Your tail-slap misses the soul eater.
The soul eater is almost dead.
The soul eater draws from the surrounding life force!
* * * LOW HITPOINT WARNING * * *
The soul eater is healed.
You hit the soul eater. You burn the soul eater.
Your tail-slap misses the soul eater.
The soul eater is severely wounded.
Unknown command.
You closely miss the soul eater.
The soul eater is severely wounded.
The soul eater hits you!
* * * LOW HITPOINT WARNING * * *
You feel drained.
* * * LOW HITPOINT WARNING * * *
You slash the soul eater! You burn the soul eater.
The soul eater is almost dead.
The soul eater hits you!
You die...

,
,......###.........*
,,###### ##..#....#
, , ,, ....#..#...##
, ,,,,*,,#...#..#
... ^ ,,, ,
,#...#).# *** ,,,*,
#.∩.#).# ,, ,** ,, *
#...#/.# ** * *
#..g#..# , ,**, , *
#.{{#@.# , ,,** ,**
, , #..43..# ^,,,*
,, *, ,######## , ,
*, , , {, * * , +* ,
, { ,, * , *, ,,
,,{{, , , ,{ { ,,, *
, , ,,,,** ,,, , *
,, ,,, ,,* * , ,


You could see a soul eater and a chaos spawn.

Vanquished Creatures
  Nikola (D:15)
  Rupert (D:13)
  A balrug (Depths:1)
  2 stone giants
  A minotaur (Gauntlet)
  The ghost of thewurscht the Basher, a journeyman DrFi of the Shining One (D:12)
  3 dire elephants (Lair:6)
  A blizzard demon (Gauntlet)
  4 ettins
  A great orb of eyes (Depths:1)
  An ogre mage (Depths:1)
  2 vault guards (D:13)
  An ice dragon (D:15)
  An ice dragon (shapeshifter) (Depths:1)
  An anaconda (Lair:6)
  4 hydras
  4 boulder beetles
  2 centaur warriors (D:13)
  4 two-headed ogres
  The ghost of Flure the Cruncher, a novice DgIE (D:9)
  A tengu warrior (D:15)
  3 catoblepae
  A deep troll shaman (D:15)
  8 death yaks
  The ghost of kelmiir the Insei, a novice OpEE of Ashenzari (D:8)
  A deep troll (D:15)
  A glowing orange brain (D:15)
  3 wizards (D:13)
  A necromancer (D:13)
  2 orc knights (Orc:2)
  A harpy (shapeshifter) (D:15)
  A wolf spider (Lair:4)
  A mana viper (shapeshifter) (D:15)
  An orb spider (Spider:1)
  2 orc sorcerers
  A manticore (D:11)
  8 ugly things
  10 cyclopes
  A moth of wrath (D:8)
  6 slime creatures
  11 elephants
  5 black mambas
  A moth of wrath (shapeshifter) (D:15)
  A worldbinder (Gauntlet)
  2 merfolk sirens (Lair:4)
  2 torpor snails
  2 gargoyles
  10 cane toads
  A cane toad (shapeshifter) (D:15)
  2 rime drakes (Lair:4)
  5 kobold demonologists
  15 komodo dragons
  2 jumping spiders
  4 hornets
  2 merfolk (Lair:4)
  A polar bear (shapeshifter) (D:15)
  A red devil (Depths:1)
  7 trolls
  3 polar bears
  7 blink frogs
  A dream sheep (Lair:3)
  A centaur simulacrum (D:9)
  3 redbacks
  A tarantella (shapeshifter) (D:15)
  4 tarantellas (Spider:1)
  A wraith (D:11)
  Sigmund (D:3)
  7 wyverns
  18 humans (D:13)
  33 yaks
  A human (shapeshifter) (D:15)
  2 basilisks (Lair:2)
  4 vampire mosquitoes (D:12)
  5 wargs
  2 acid dragons
  18 water moccasins
  A floating eye (shapeshifter) (D:15)
  5 ice beasts
  23 orc warriors
  2 necrophages
  A phantom (D:6)
  13 ogres
  8 boggarts
  16 wolves
  17 centaurs
  13 big kobolds
  16 bullfrogs
  A gnoll sergeant (D:8)
  2 water moccasin skeletons
  A scorpion (D:5)
  15 wights
  An electric eel (Lair:3)
  5 howler monkeys (D:8)
  A spectral bullfrog (D:9)
  2 bullfrog zombies
  6 centaur zombies
  A quasit (D:5)
  A wyvern simulacrum (D:9)
  8 jellies
  29 orc wizards
  4 centaur skeletons
  A gnoll shaman (D:4)
  20 orc priests
  5 hounds
  2 bullfrog skeletons
  Jessica (D:3)
  4 iguanas
  4 hell rats (Lair:4)
  12 worker ants
  3 bullfrog simulacra (D:9)
  A hound zombie (D:10)
  A hound skeleton (D:9)
  A worker ant zombie (D:9)
  A howler monkey skeleton (D:11)
  12 gnolls
  12 adders
  4 shadow imps
  3 white imps
  2 oozes
  An adder zombie (D:5)
  3 adder skeletons
  2 worms
  2 dart slugs (D:2)
  5 leopard geckos
  76 orcs
  5 giant cockroaches
  7 goblins
  5 hobgoblins
  7 jackals
  15 kobolds
  3 quokkas
  3 bats
  5 frilled lizards
  A jackal skeleton (D:4)
  4 rats
702 creatures vanquished.

Vanquished Creatures (others)
  A deep troll earth mage (Depths:1)
  A deep troll (Depths:1)
  An orc (Orc:1)
  35 fungi
  32 plants
70 creatures vanquished.

Grand Total: 772 creatures vanquished

Notes
Turn   | Place    | Note
-------+----------+-------------------------------------------
     0 | D:1      | KristoblXynda the Draconian Gladiator began the quest for
                  | the Orb.
     0 | D:1      | Reached XP level 1. HP: 17/17 MP: 1/1
   668 | D:2      | Reached XP level 2. HP: 2/25 MP: 2/2
   669 | D:2      | HP: 1/25 [adder (1)]
  1142 | D:2      | Reached XP level 3. HP: 30/30 MP: 3/3
  1173 | D:2      | Found a sacrificial altar of Ru.
  1642 | D:2      | Found a faded altar of an unknown god.
  1726 | D:2      | Reached XP level 4. HP: 38/38 MP: 4/4
  1929 | D:3      | Found a broken altar of Ashenzari.
  1938 | D:3      | Noticed Jessica
  1951 | D:3      | Reached skill level 4 in Long Blades
  1961 | D:3      | Killed Jessica
  1981 | D:3      | Became a worshipper of Ashenzari the Shackled
  2018 | D:3      | Found a shadowy altar of Dithmenos.
  2084 | D:3      | Reached XP level 5. HP: 15/45 MP: 2/5
  2356 | D:3      | Noticed Sigmund
  2369 | D:3      | Killed Sigmund
  2370 | D:3      | Reached skill level 5 in Long Blades
  2370 | D:3      | Reached XP level 6. HP: 8/52 MP: 2/6
  2816 | D:3      | Found a glowing silver altar of Zin.
  3053 | D:4      | Found a staircase to the Ecumenical Temple.
  3230 | D:4      | Found Ruewn's Antique Weapon Shop.
  3271 | D:4      | Found Rilucufa's Magic Scroll Boutique.
  3291 | D:4      | Bought a scroll of identify for 28 gold pieces
  3291 | D:4      | Bought a scroll of identify for 28 gold pieces
  3291 | D:4      | Bought a scroll of remove curse for 42 gold pieces
  3291 | D:4      | Bought a scroll of remove curse for 42 gold pieces
  3318 | D:4      | Found Giephuf's Armour Emporium.
  4123 | D:4      | Found Viul's Book Shop.
  4171 | D:4      | Your scales start taking on a rich purple colour.
  4171 | D:4      | Reached XP level 7. HP: 45/60 MP: 4/7
  4243 | D:4      | Found Tixelih's Assorted Antiques.
  4359 | D:5      | Entered Level 5 of the Dungeon
  4374 | D:5      | Reached skill level 6 in Long Blades
  4590 | D:5      | Found a sparkling altar of Nemelex Xobeh.
  4590 | D:5      | Found a snail-covered altar of Cheibriados.
  4639 | D:5      | Found a shadowy altar of Dithmenos.
  4667 | D:5      | Found an iron altar of Okawaru.
  4668 | D:5      | Found a shimmering blue altar of Sif Muna.
  5022 | D:5      | Reached skill level 5 in Fighting
  5372 | D:5      | Found an opulent altar of Gozag.
  5581 | D:5      | Found a blossoming altar of Fedhas.
  5717 | D:6      | Reached * piety under Ashenzari
  5786 | D:6      | Reached skill level 7 in Long Blades
  5786 | D:6      | Reached skill level 5 in Dodging
  5786 | D:6      | Reached XP level 8. HP: 37/69 MP: 5/8
  6100 | D:6      | Noticed Maggie
  6104 | D:6      | Noticed Maggie
  6104 | D:6      | Maggie changed into Maggie the big kobold
  6132 | D:6      | Killed Maggie the big kobold
  6520 | D:6      | Reached skill level 8 in Long Blades
  6603 | D:6      | Found a stormy altar of Qazlal.
  7106 | D:7      | Found a shimmering altar of Xom.
  7183 | D:7      | Found Ziubb's Antique Weapon Boutique.
  7183 | D:7      | Found a shimmering altar of Xom.
  7199 | D:7      | Found a shimmering altar of Xom.
  7201 | D:7      | Found a shimmering altar of Xom.
  7202 | D:7      | Found a shimmering altar of Xom.
  7202 | D:7      | Found a shimmering altar of Xom.
  7203 | D:7      | Found a shimmering altar of Xom.
  7330 | D:7      | Bought a smoking scimitar for 171 gold pieces
  7331 | D:7      | Identified the +9 scimitar of Joh Luis {flame, rPois rF+
                  | rC- Str+4} (You bought it in a shop on level 7 of the
                  | Dungeon)
  7401 | D:7      | Found Sesoco's Gadget Shoppe.
  7455 | D:7      | Reached XP level 9. HP: 69/76 MP: 7/9
  7613 | D:7      | Reached skill level 9 in Long Blades
  7963 | D:7      | Reached ** piety under Ashenzari
  8099 | D:8      | Found Pirock's Antique Armour Boutique.
  8381 | D:8      | Found a bloodstained altar of Trog.
  8383 | D:8      | Found a white marble altar of Elyvilon.
  8504 | D:8      | Noticed kelmiir's ghost (novice OpEE)
  8505 | D:8      | Found a bloodstained altar of Trog.
  8510 | D:8      | Noticed a moth of wrath
  8512 | D:8      | Found a transporter.
  8519 | D:8      | Found a transporter.
  8567 | D:8      | Reached skill level 10 in Long Blades
  9118 | D:9      | Found a staircase to the Orcish Mines.
  9394 | D:9      | Found a runed translucent gate.
  9394 | D:9      | Found a runed translucent gate.
  9394 | D:9      | Found a runed translucent gate.
  9399 | D:9      | Noticed Flure's ghost (novice DgIE)
  9674 | D:10     | Entered Level 10 of the Dungeon
  9676 | D:10     | Identified a scroll of acquirement
  9678 | D:10     | Acquired the cursed ring of the Special Nights {rF+ Int+2
                  | SInv}
  9702 | D:10     | Found a staircase to the Lair.
  9715 | D:10     | Learned a level 3 spell: Ozocubu's Armour
  9725 | D:10     | Reached XP level 10. HP: 72/86 MP: 7/10
  9820 | D:10     | Reached skill level 1 in Evocations
 10218 | D:10     | Noticed a two-headed ogre
 10223 | D:10     | Killed a two-headed ogre
 10557 | D:10     | Reached skill level 11 in Long Blades
 10731 | D:11     | Noticed a red ugly thing
 10735 | D:11     | Killed a red ugly thing
 10779 | D:11     | Noticed a manticore
 10797 | D:11     | Killed a manticore
 11732 | D:11     | Noticed a brown ugly thing
 11740 | D:11     | Killed a brown ugly thing
 11741 | D:11     | Reached XP level 11. HP: 60/97 MP: 7/11
 12236 | D:11     | Reached skill level 5 in Evocations
 12838 | D:12     | Found Goagick's Gadget Emporium.
 12839 | D:12     | Reached *** piety under Ashenzari
 13043 | D:12     | Reached skill level 10 in Fighting
 13145 | D:12     | Found a runed translucent gate.
 13145 | D:12     | Found a runed translucent gate.
 13145 | D:12     | Found a runed translucent gate.
 13147 | D:12     | Noticed thewurscht's ghost (journeyman DrFi)
 13322 | D:12     | Noticed a catoblepas
 13704 | D:12     | Acquired a cursed +1 buckler of reflection
 13844 | D:12     | Killed a catoblepas
 13845 | D:12     | Reached skill level 1 in Shields
 13845 | D:12     | Reached skill level 1 in Spellcasting
 14572 | D:13     | Noticed a centaur warrior
 14587 | D:13     | Killed a centaur warrior
 14813 | D:13     | Reached skill level 12 in Long Blades
 14818 | D:13     | Noticed Rupert
 14820 | D:13     | Noticed a centaur warrior
 15149 | D:9      | Killed Flure's ghost
 15262 | D:8      | Killed kelmiir's ghost
 15620 | D:4      | Bought the +2 cloak "Gemotzih" {Str+6} for 375 gold pieces
 15736 | Lair:1   | Entered Level 1 of the Lair of Beasts
 15752 | Lair:1   | Noticed a catoblepas
 15766 | Lair:1   | Killed a catoblepas
 15767 | Lair:1   | Reached XP level 12. HP: 59/106 MP: 10/18
 16108 | Lair:1   | Reached skill level 1 in Ice Magic
 16276 | Lair:1   | Found a shimmering altar of Xom.
 16293 | Lair:1   | Reached skill level 5 in Spellcasting
 17373 | Lair:2   | Reached skill level 10 in Dodging
 17565 | Lair:2   | Reached **** piety under Ashenzari
 18169 | Lair:3   | Noticed a five-headed hydra
 18177 | Lair:3   | Killed a two-headed hydra
 18434 | Lair:3   | Noticed a death yak
 18435 | Lair:3   | Noticed a death yak
 18435 | Lair:3   | Noticed a death yak
 18435 | Lair:3   | Noticed a death yak
 18436 | Lair:3   | Noticed a death yak
 18454 | Lair:3   | Killed a death yak
 18459 | Lair:3   | Killed a death yak
 18460 | Lair:3   | Reached skill level 13 in Long Blades
 18486 | Lair:2   | HP: 4/106 [death yak (10)]
 18494 | Lair:2   | Killed a death yak
 18927 | Lair:3   | Killed a death yak
 18931 | Lair:3   | Killed a death yak
 19303 | Lair:3   | Found a hole to the Spider Nest.
 19509 | Lair:3   | Reached skill level 5 in Ice Magic
 19610 | Lair:3   | Reached XP level 13. HP: 88/113 MP: 17/23
 20957 | Lair:4   | Reached ***** piety under Ashenzari
 21370 | Lair:4   | Found a staircase to the Shoals.
 22392 | Lair:5   | Learned a level 6 spell: Freezing Cloud
 22960 | Lair:5   | Found a runed translucent door.
 22961 | Lair:5   | Found a viscous altar of Jiyva.
 22963 | Lair:5   | Found a staircase to the Slime Pits.
 23424 | Lair:6   | Entered Level 6 of the Lair of Beasts
 23490 | Lair:6   | Reached skill level 14 in Long Blades
 23764 | Lair:6   | Reached XP level 14. HP: 67/121 MP: 17/27
 24914 | Lair:6   | Identified the +6 halberd of the Glowing Seeker {elec,
                  | rPois MP+9 Dex-2 SInv}
 24929 | Lair:6   | Reached skill level 10 in Spellcasting
 25650 | Lair:1   | Acquired the cursed -2 hat of Quiet Fog {rPois Str+2}
 25812 | D:12     | Killed thewurscht's ghost
 25813 | D:12     | Reached skill level 1 in Conjurations
 26233 | D:13     | Killed Rupert
 26852 | D:13     | Found a gate to the Vaults.
 27238 | D:14     | Found a gate leading to a gauntlet.
 27243 | Gauntlet | Entered a Gauntlet
 27243 | Gauntlet | Found a transporter.
 27243 | Gauntlet | Found a transporter.
 27243 | Gauntlet | Found a transporter.
 27257 | Gauntlet | Found a transporter.
 27265 | Gauntlet | Found a transporter.
 27268 | Gauntlet | Found a transporter.
 27272 | Gauntlet | Found a runed translucent door.
 27274 | Gauntlet | Found a runed translucent door.
 27276 | Gauntlet | Found the +2 ratskin cloak {*Rats rPois rN+ Str-1 Int-1
                  | Dex+1}
 27276 | Gauntlet | Found a transporter.
 27294 | Gauntlet | Found a transporter.
 27299 | Gauntlet | Found a transporter.
 27301 | Gauntlet | Found a transporter.
 27310 | Gauntlet | Found a transporter.
 27314 | Gauntlet | Found a transporter.
 27416 | Gauntlet | Noticed an ironheart preserver
 27435 | Gauntlet | Paralysed by a hornet for 1 turns
 29206 | D:14     | Reached XP level 15. HP: 94/126 MP: 29/29
 29617 | D:15     | Entered Level 15 of the Dungeon
 29780 | D:15     | Found Qoen's Armour Emporium.
 29859 | D:15     | Reached ****** piety under Ashenzari
 29876 | D:15     | Reached skill level 15 in Long Blades
 29923 | D:15     | Found a glowing golden altar of the Shining One.
 30075 | D:15     | Reached skill level 10 in Evocations
 30087 | D:15     | Reached skill level 5 in Conjurations
 30142 | D:15     | Found a staircase to the Depths.
 30557 | Orc:1    | Entered Level 1 of the Orcish Mines
 31152 | Orc:1    | Reached skill level 10 in Ice Magic
 31639 | Orc:2    | Entered Level 2 of the Orcish Mines
 31639 | Orc:2    | Found Bimnaeh's Antique Armour Emporium.
 32427 | Spider:1 | Entered Level 1 of the Spider Nest
 32449 | Spider:1 | Reached skill level 5 in Shields
 32497 | Lair:3   | Learned a level 4 spell: Hailstorm
 32555 | Spider:1 | HP: 6/128 [demonic crawler (2)]
 33183 | Orc:2    | Found a staircase to the Elven Halls.
 33192 | Orc:2    | Found Efecioto's Antique Weapon Boutique.
 33204 | Orc:2    | Reached skill level 1 in Air Magic
 34025 | Orc:2    | HP: 2/128 [stone giant (33)]
 34481 | Orc:2    | Found Ituibir's General Store.
 34493 | Orc:2    | Found Soomesa's Jewellery Emporium.
 34538 | Orc:2    | Bought a +1 pair of boots of stealth for 297 gold pieces
 35118 | Depths:1 | Entered Level 1 of the Depths
 35118 | Depths:1 | Noticed Nikola
 35682 | D:15     | Killed Nikola
 36478 | D:15     | HP: 1/130 [two-headed ogre/+0 giant club (16)]
 36961 | Depths:1 | Found a one-way gate leading to the halls of Pandemonium.
 36971 | Depths:1 | Slain by a soul eater

Illustrated notes

Levels and vault maps discovered:
D:1:      psy_arrival_wood_between_worlds, layout_rooms, serial_rivers,
          chequers_serial_rivers_room_b, chequers_serial_rivers_room_a,
          chequers_serial_rivers_small_3, chequers_serial_rivers_micro_a,
          chequers_serial_rivers_micro_b
D:2:      layout_loops_cross, lemuel_crystal_altar,
          chequers_ecumenical_altar_grove
D:3:      layout_loops_ring, ashenzari_conservatory_becter, lemuel_doored_altar,
          grunt_dithmenos_smoke_and_mirrors, uniq_jessica, uniq_sigmund
D:4:      layout_gridville, minmay_temple_entry_junction, serial_shops, shop,
          shop_scrolls, shop, shop, nicolae_shop_behind_doors
D:5:      layout_loops_ring, grunt_temple_overflow_open, kennysheep_little_box,
          marbit_many_paths, lemuel_crystal_altar, minmay_statues_item
D:6:      layout_basic, lemuel_crystal_altar, minmay_misc_feat_encased,
          uniq_maggie
D:7:      layout_basic, serial_shops, nicolae_shop_stone, shop,
          nicolae_xom_altar_mimics
D:8:      layout_rooms, gammafunk_temple_overflow_pools,
          gammafunk_ghost_wrathful_warriors, serial_shops, nicolae_shop_stone
D:9:      layout_cave_pools, orc_0_dummy, gammafunk_ghost_necromancy,
          serial_column_ruins, column_ruins_hut, column_ruins_grid_3,
          column_ruins_corridor_straight, column_ruins_open_medium,
          column_ruins_columns_straight, column_ruins_corridor_water,
          column_ruins_grid_1, chequers_garden, minivault_1
D:10:     layout_basic, lair_entry_dummy, hangedman_decor_clover_reticule
D:11:     layout_loops_corners
D:12:     layout_irregular_city, serial_shops, shop,
          gammafunk_ghost_nasty_kobolds
D:13:     layout_loops_cross, grunt_vaults_entry_tiered, uniq_rupert
D:14:     layout_grid_maze, gauntlet_entry_generic,
          infiniplex_staircase_squiggle
D:15:     gammafunk_enter_depths_forms, layout_basic, serial_shops,
          nicolae_shop_temple_entry_statues_fountains, lemuel_statue_altar
Lair:1:   layout_chaotic_city, basic_altar, grunt_megastairs_3
Lair:2:   layout_small_grid
Lair:3:   layout_long_grid, spider_nest_entry_a, wad_woods_river_01
Lair:4:   layout_cellular_growth, elwin_shoals_entry_stream,
          hangedman_lair_generics_rect
Lair:5:   layout_cave_pods, slime_altar_2
Lair:6:   due_jungle_book, layout_hall_layers
Spider:1: layout_chambers
Orc:1:    layout_caves
Orc:2:    grunt_orc_gardens, layout_diamond_mine, grunt_orc_garden,
          grunt_orc_garden, grunt_orc_garden, grunt_orc_garden
Depths:1: layout_cave_pools, hangedman_coc_ice_floe, rand_demon_pan_entry_1,
          minmay_misc_feat_rows, hangedman_eye_storm, minmay_shop_grove,
          uniq_nikola

Skill      XL: |  1  2  3  4  5  6  7  8  9 10 11 12 13 14 15 |
---------------+----------------------------------------------+-----
Throwing       | 2 |  2.2
Dodging        | 3 4 5 6 7 8 9 10 11 | 11.7
Fighting       | 3 4 5 6 8 9 10 11 | 11.6
Long Blades    | 4 5 7 8 10 11 12 13 14 15 | 15.0
Evocations     | 4 5 7 9 10 | 10.0
Shields        | 4 5 |  5.0
Spellcasting   | 4 7 9 10 | 10.0
Ice Magic      | 5 7 9 10 | 10.1
Conjurations   | 4 7 |  7.4
Air Magic      | 4 |  4.4

Action                   |  1- 3 |  4- 6 |  7- 9 | 10-12 | 13-15 || total
-------------------------+-------+-------+-------+-------+-------++-------
Melee: Long sword        |    60 |   167 |   216 |       |       ||   443
       Tailslap          |     7 |    24 |    49 |   108 |   255 ||   443
       Scimitar          |       |       |   111 |   477 |  1169 ||  1757
       Unarmed           |       |       |       |       |    29 ||    29
 Cast: Ozocubu's Armour  |       |       |       |     1 |     7 ||     8
Invok: Curse Item        |       |       |     2 |     1 |     2 ||     5
 Abil: Breathe Dispellin |       |       |     8 |     1 |     2 ||    11
Evoke: Wand              |       |       |     2 |     6 |    17 ||    25
  Use: Potion            |     6 |     1 |       |     1 |     6 ||    14
       Scroll            |     1 |     3 |     9 |    14 |    15 ||    42
 Stab: Sleeping          |     2 |     4 |     2 |     1 |     2 ||    11
       Invisible         |     1 |       |       |       |       ||     1
       Paralysed         |       |       |       |     2 |    17 ||    19
       Petrified         |       |       |       |       |     5 ||     5
       Petrifying        |       |       |       |       |     1 ||     1
Armor: Skin              |    14 |    42 |    72 |    86 |   162 ||   376
Dodge: Dodged            |    61 |   117 |   235 |   328 |   641 ||  1382
Block: Buckler           |       |       |       |    83 |   529 ||   612
       Reflection        |       |       |       |       |    14 ||    14
       Rpst.: Long sword |    22 |    42 |    48 |       |       ||   112
       Scimitar          |       |       |    24 |    94 |   152 ||   270

Table legend: (Time is in decaauts)
 A = Elapsed time spent in this place.
 B = Non-inter-level travel time spent in this place.
 C = Inter-level travel time spent in this place.
 D = Time resting spent in this place.
 E = Time spent auto-exploring this place.
 F = Levels seen in this place.
 G = Mean time per level.
                   A        B        C        D        E       F      G
               +--------+--------+--------+--------+--------+-----+--------+
         Total |  36618 |  34995 |   1623 |  11553 |  17702 |  26 | 1408.4 |
       Dungeon |  21975 |  20940 |   1035 |   7106 |  10568 |  15 | 1465.0 |
          Lair |  10379 |   9866 |    513 |   2424 |   5907 |   6 | 1729.8 |
   Spider Nest |    103 |    103 |      0 |      0 |      0 |   1 |  103.0 |
  Orcish Mines |   3047 |   2972 |     75 |   1303 |   1227 |   2 | 1523.5 |
        Depths |    125 |    125 |      0 |      6 |      0 |   1 |  125.0 |
      Gauntlet |    987 |    987 |      0 |    714 |      0 |   1 |  987.0 |
               +--------+--------+--------+--------+--------+-----+--------+

Top non-repeatable levels by time:
    D:15: 2596 daAuts
  Lair:3: 2365 daAuts
    D:12: 2321 daAuts
   Orc:2: 1955 daAuts
  Lair:6: 1842 daAuts
    D:11: 1825 daAuts
  Lair:4: 1756 daAuts
    D:13: 1717 daAuts
     D:3: 1663 daAuts
  Lair:5: 1606 daAuts
     D:9: 1548 daAuts
  Lair:2: 1448 daAuts
    D:14: 1411 daAuts
  Lair:1: 1360 daAuts
     D:6: 1359 daAuts
